Map: Echo LE (Void)

Players

Thenanox - Winner!

  • Race: Zerg Zerg
  • League: Diamond
  • Spawn Location: 5:00

Musumeci

  • Race: Zerg Zerg
  • League: Diamond
  • Spawn Location: 11:00

VOD

Have the link to the VOD?

Description

Time

  • Played on: Jan. 10, 2017, 2:48 p.m.
  • Length: 11:54
Show
View Real Time Build Order
Export as new Build Order

Thenanox Zerg - Winner!

Build Orders: Hatch First 

Get SALT Encoding   

  12  0:00  Drone  
  13  0:12  Overlord  
  13  0:17  Drone  
  14  0:31  Drone x2  
  16  0:36  Drone  
  17  0:52  Hatchery  
  17  0:55  Drone  
  17  1:01  Drone  
  18  1:10  Extractor  
  17  1:17  Spawning Pool  
  16  1:23  Drone x2  
  18  1:32  Drone  
  19  1:50  Overlord  
  19  1:53  Drone  
  20  2:03  Queen  
  20  2:04  Queen, Zergling x4  
  26  2:11  Drone  
  26  2:13  Metabolic Boost  
  27  2:16  Drone  
  27  2:22  Drone  
  29  2:28  Drone  
  30  2:32  Drone  
  30  2:36  Drone  
  32  2:41  Queen  
  34  2:48  Baneling Nest  
  34  2:50  Overlord  
  34  2:51  Drone  
  34  2:54  Drone  
  35  2:58  Drone  
  35  3:05  Zergling x2  
  36  3:16  Zergling x4  
  36  3:17  Zergling x2  
  36  3:19  Hatchery  
  38  3:22  Zergling x4  
  38  3:24  Zergling x2  
  38  3:26  Zergling x2  
  42  3:34  Overlord x2  
  42  3:37  Baneling x3  
  42  4:03  Drone x4  
  42  4:04  Drone x5  
  42  4:05  Evolution Chamber  
  42  4:06  Extractor  
  49  4:14  Zergling x4  
  45  4:19  Roach Warren  
  45  4:21  Zergling x8  
  49  4:26  Drone x2  
  49  4:28  Evolution Chamber  
  49  4:29  Baneling x2  
  50  4:31  Baneling  
  50  4:34  Zergling x4  
  52  4:41  Zergling x4  
  52  4:42  Zergling x4  
  56  4:51  Lair  
  56  4:52  Drone x2  
  58  4:55  Overlord  
  58  4:56  Extractor  
  58  4:58  Zerg Missile Weapons Level 1  
  51  5:29  Queen  
  51  5:31  Baneling x3  
  51  5:32  Drone  
  51  5:33  Drone x4  
  51  5:34  Roach x4  
  66  5:38  Overlord x2  
  66  5:49  Baneling x3  
  65  5:56  Glial Reconstitution  
  67  5:57  Roach x5  
  72  6:23  Roach  
  72  6:24  Roach x3  
  72  6:25  Overlord x4  
  72  6:47  Roach  
  72  6:48  Roach x5  
  72  6:53  Zerg Ground Armor Level 1  
  83  6:55  Drone x2  
  83  6:56  Drone x6  
  83  7:00  Overlord  
  91  7:04  Overseer  
  91  7:19  Queen  
  86  7:31  Drone  
  86  7:32  Drone x4, Hydralisk Den  
  90  7:37  Queen x2  
  90  7:43  Nydus Network, Extractor  
  93  7:51  Spore Crawler  
  92  7:52  Spore Crawler x2  
  92  7:55  Queen  
  92  7:56  Spore Crawler  
  92  7:57  Spore Crawler x2  
  92  7:58  Drone x2  
  91  7:59  Spore Crawler  
  91  8:01  Drone  
  91  8:06  Drone x3  
  91  8:10  Zergling x4  
  96  8:23  Overseer  
  96  8:29  Roach x7  
  110  8:38  Roach  
  112  8:51  Roach  
  114  8:58  Nydus Canal  
  111  9:07  Queen  
  111  9:09  Queen  
  112  9:12  Queen  
  111  9:35  Roach x2  
  111  9:43  Queen  
  113  9:46  Queen  
  111  10:02  Roach  
Show
View Real Time Build Order
Export as new Build Order

Musumeci Zerg 

Build Orders: Hatch First 

Get SALT Encoding   

  12  0:01  Drone  
  13  0:08  Drone  
  14  0:18  Drone, Extractor  
  15  0:22  Overlord  
  15  0:41  Drone x2  
  17  1:00  Hatchery  
  16  1:10  Spawning Pool  
  15  1:29  Drone  
  15  1:30  Drone x2, Extractor  
  17  1:45  Drone  
  18  1:51  Drone  
  19  1:56  Queen  
  21  2:02  Drone  
  22  2:12  Queen  
  22  2:13  Zergling x4  
  26  2:22  Overlord  
  26  2:24  Drone  
  27  2:35  Zergling x2  
  28  2:43  Zergling x2  
  28  2:44  Overlord  
  29  2:49  Baneling Nest  
  28  3:12  Zergling x10  
  33  3:13  Zergling x4  
  35  3:24  Zergling x10  
  40  3:34  Baneling x2  
  40  3:38  Overlord  
  40  3:40  Overlord  
  40  3:47  Hatchery  
  39  3:53  Metabolic Boost  
  39  4:00  Evolution Chamber  
  39  4:01  Baneling  
  39  4:02  Baneling  
  38  4:08  Baneling x3  
  37  4:23  Drone x4  
  37  4:24  Drone  
  42  4:27  Drone  
  42  4:31  Drone  
  44  4:41  Drone  
  44  4:42  Drone, Extractor  
  45  4:51  Zerg Ground Armor Level 1  
  45  4:53  Drone  
  45  4:54  Drone  
  45  4:57  Drone  
  48  5:03  Overlord  
  38  5:31  Zergling x26  
  51  5:39  Lair  
  51  5:42  Baneling x3  
  51  5:44  Drone  
  51  5:47  Extractor  
  51  5:48  Extractor  
  47  5:53  Zergling x6  
  49  5:58  Drone  
  39  6:20  Zergling x2  
  39  6:21  Zergling x20  
  43  6:49  Spire  
  43  6:52  Drone x6  
  43  6:53  Drone x2  
  50  7:00  Overlord  
  42  7:38  Drone x2  
  42  7:39  Drone  
  42  7:40  Drone x4  
  42  7:41  Drone  
  50  7:45  Unknown  
  50  8:00  Mutalisk x8  
  50  8:04  Mutalisk  
  68  8:10  Spine Crawler x2  
  66  8:21  Spine Crawler  
  66  8:22  Spine Crawler  
  66  8:25  Drone  
  66  8:26  Spine Crawler  
  64  8:28  Spine Crawler, Drone  
  64  8:54  Mutalisk  
  64  8:55  Mutalisk  
  66  9:14  Hatchery  
  63  9:20  Mutalisk x2  
  4  10:15  Evolution Chamber  
  4  10:16  Evolution Chamber  
  2  10:31  Drone  
  2  10:32  Drone x10  
  9  10:56  Evolution Chamber  
  8  11:02  Evolution Chamber  
Tags
 
Add a new tag
Caveats
  • Supply blocks, unpowered buildings, or Contaminate may cause inaccurate times.
  • Supply counts are checked every 10 seconds.